 Dungeon Crawl Stone Soup version 0.29-a0-1016-g236c7fd91e (webtiles) character file.

Game seed: 1655713288141765972

57 miscthings the Chopper (level 4, -4/38 HPs)
             Began as a Meteoran Fighter on Aug 9, 2022.
             Slain by a black bear (11 damage)
             ... on level 4 of the Dungeon.
             The game lasted 00:04:11 (756 turns).

miscthings the Chopper (Meteoran Fighter)            Turns: 756, Time: 00:04:12

Health: -4/38      AC:  6    Str: 18    XL:     4   Next: 41%
Magic:  5/5        EV:  9    Int:  9    God:
Gold:   119        SH:  5    Dex: 15    Spells: 3/3 levels left

rFire   . . .      SeeInvis .   a - +0 war axe
rCold   . . .      Faith    .   c - +0 buckler
rNeg    . . .      Spirit   .   b - +0 scale mail
rPois   .          Reflect  .   (no helmet)
rElec   .          Harm     .   (no cloak)
rCorr   .          Rampage  .   (no gloves)
Will    .....                   (no boots)
Stlth   ..........              (no amulet)
HPRegen 0.12/turn               (no ring)
MPRegen 0.09/turn               (no ring)

@: glowing
A: sense surroundings 1, otherworldly, glowing, explore regen
a: no special abilities


You were on level 4 of the Dungeon.
You visited 1 branch of the dungeon, and saw 4 of its levels.

You collected 119 gold pieces.

Inventory:

Hand Weapons
 a - a +0 war axe (weapon)
Armour
 b - a +0 scale mail (worn)
 c - a +0 buckler (worn)
Scrolls
 e - a scroll of identify {unknown}
 g - a scroll of immolation {unknown}
 h - a scroll of noise {unknown}
 i - a scroll of teleportation {unknown}
 j - a scroll of enchant armour {unknown}
 m - a scroll of torment {unknown}
 o - a scroll of poison {unknown}
Potions
 d - 2 potions of might
 f - a potion of ambrosia {unknown}
 k - a potion of mutation {unknown}
 l - a potion of curing {unknown}
 n - a potion of flight {unknown}


   Skills:
 - Level 3.2 Fighting
 + Level 5.0 Axes
 - Level 3.6 Armour
 - Level 3.6 Shields


You had 3 spell levels left.
You didn't know any spells.
Your spell library contained the following spells:

 Spells                   Type           Power      Damage    Failure   Level
 Portal Projectile        Hex/Tloc       0%         N/A       99%         3
 Tukima's Dance           Hex            0%         N/A       99%         3
 Blade Hands              Tmut           0%         N/A       100%        5
 Iskenderun's Battlesphe  Conj           0%         2d6       100%        5
 Iron Shot                Conj/Erth      0%         9d1       100%        6
 Spellforged Servitor     Conj/Summ      0%         N/A       100%        7


Dungeon Overview and Level Annotations

Branches:
Dungeon (4/15) Zot: 1601
 Temple: D:4-7

Altars:


Innate Abilities, Weirdness & Mutations

You passively map a small area around you.
You are easily found by Zot.
You glow in the dark.
You regain HP and MP as you explore.


Message History

You block the black bear's attack.
You hit the black bear but do no damage.
The black bear is severely wounded.
The black bear bites you but does no damage.
The black bear closely misses you. The black bear barely misses you.
You hit the black bear.
The black bear is severely wounded.
The black bear goes berserk!
The black bear closely misses you. The black bear barely misses you.
The black bear claws you but does no damage.
You hit the black bear.
The black bear is almost dead.
The black bear bites you but does no damage.
You block the black bear's attack.
The black bear claws you but does no damage.
The dart slug briefly extends its eye-stalks.
The black bear misses you. The black bear closely misses you.
The black bear barely misses you.
You barely miss the black bear.
The black bear is almost dead.
The black bear barely misses you. The black bear claws you.
The black bear barely misses you. The black bear bites you!
The black bear claws you but does no damage. x2
You hit the black bear but do no damage.
The black bear is almost dead.
The black bear bites you.
The black bear claws you but does no damage.
The black bear barely misses you. The black bear bites you.
The black bear claws you but does no damage.
The black bear claws you.
* * * LOW HITPOINT WARNING * * *
You barely miss the black bear.
The black bear is almost dead.
The black bear bites you.
* * * LOW HITPOINT WARNING * * *
The black bear claws you.
* * * LOW HITPOINT WARNING * * *
The black bear claws you but does no damage.
The black bear bites you!
You die...

#.##.## ##....$..## ,
##.#...####.........#
##.>.......'.........+,,
,,
#.#.#...####.......$.#
**, #...#.## ##.......##
##.#### ##.....## #.#
##.w.## * #.# ##h## * ,
#(# #@# , #<# * #.# * *
#.# * * * ... #.. ,
....# #### #.....* * ,
*#...... * * * 8....#. *
,......... * * , ,


You could see a black bear (berserk) and a dart slug.

Vanquished Creatures
  An ufetubus (D:3)
  A worm (D:2)
  2 dart slugs (D:3)
  2 bats
  4 endoplasms
  3 giant cockroaches (D:1)
  A goblin (D:1)
  4 hobgoblins
  8 jackals
  A kobold (D:1)
  2 quokkas (D:1)
  4 ball pythons
  A frilled lizard (D:1)
  6 rats
40 creatures vanquished.

Notes
Turn   | Place    | Note
-------+----------+-------------------------------------------
     0 | D:1      | miscthings the Meteoran Fighter began the quest for the
                  | Orb.
     0 | D:1      | Reached XP level 1. HP: 19/19 MP: 2/2
    52 | D:1      | Reached skill level 3 in Axes
    52 | D:1      | Reached XP level 2. HP: 26/26 MP: 3/3
    97 | D:1      | Found a faded altar of an unknown god.
   116 | D:1      | Reached XP level 3. HP: 26/31 MP: 4/4
   175 | D:1      | Reached skill level 4 in Axes
   497 | D:3      | Reached XP level 4. HP: 38/38 MP: 5/5
   660 | D:3      | Reached skill level 5 in Axes
   729 | D:4      | Noticed a black bear
   756 | D:4      | Slain by a black bear

Illustrated notes

Levels and vault maps discovered:
D:1:      minmay_arrival_four_loops, layout_rooms,
          hellmonk_ecumenical_altar_lost_god
D:2:      layout_basic, nicolae_concentric_dashed_squares_mild, uniq_jessica
D:3:      layout_loops_ring
D:4:      layout_loops_corners, gammafunk_ghost_smash,
          nicolae_ossuary_entry_monument

Skill      XL: |  1  2  3  4 |
---------------+-------------+-----
Axes           | 3 4 5 |  5.0
Fighting       | |  3.2
Armour         | |  3.6
Shields        | |  3.6

Action                   |  1- 3 |  4- 6 || total
-------------------------+-------+-------++-------
Melee: War axe           |    81 |    43 ||   124
Armor: Scale mail        |    44 |    45 ||    89
Dodge: Dodged            |    26 |    31 ||    57
Block: Buckler           |    15 |    13 ||    28

Table legend: (Time is in decaauts)
 A = Elapsed time spent in this place.
 B = Non-inter-level travel time spent in this place.
 C = Inter-level travel time spent in this place.
 D = Time resting spent in this place.
 E = Time spent auto-exploring this place.
 F = Levels seen in this place.
 G = Mean time per level.
                   A        B        C        D        E       F      G
               +--------+--------+--------+--------+--------+-----+--------+
         Total |    796 |    732 |     64 |      0 |    110 |   4 |  199.0 |
       Dungeon |    796 |    732 |     64 |      0 |    110 |   4 |  199.0 |
               +--------+--------+--------+--------+--------+-----+--------+

Top non-repeatable levels by time:
     D:3: 316 daAuts
     D:1: 241 daAuts
     D:2: 203 daAuts
     D:4: 35 daAuts
